 Dungeon Crawl Stone Soup version 0.21-a0 (webtiles) character file.

188 Manul the Ruffian (level 5, 0/53 HPs)
             Began as a Troll Monk on May 20, 2017.
             Slain by Grinder (1 damage)
             ... on level 3 of the Dungeon.
             The game lasted 00:02:03 (1777 turns).

Manul the Ruffian (Troll Monk)                      Turns: 1777, Time: 00:02:04

Health: 0/53       AC:  5    Str: 23 (25) XL:     5   Next: 39%
Magic:  4/4        EV: 11    Int:  3 (6)  God:
Gold:   135        SH:  0    Dex: 11 (12) Spells: 4/4 levels left

rFire    . . .     SeeInvis .     - Unarmed
rCold    . . .     Gourm    +   (no shield)
rNeg     . . .     Faith    .   a - +0 robe
rPois    .         Spirit   .   (helmet restricted)
rElec    .         Reflect  .   (no cloak)
rCorr    .         Harm     .   (gloves unavailable)
MR       .....                  (boots unavailable)
Stlth    +.........             (no amulet)
Regen    0.6/turn               (no ring)
MPRegen  0.1/turn               (no ring)

@: mighty, flying
A: unfitting armour, claws 3, fast metabolism 3, gourmand, regeneration 1,
shaggy fur 1, tough skin 2
a: no special abilities


You were on level 3 of the Dungeon.
You were very full.

You visited 1 branch of the dungeon, and saw 3 of its levels.

You collected 135 gold pieces.

Inventory:

Armour
 a - a +0 robe (worn)
Jewellery
 f - an uncursed amulet of magic regeneration {unknown}
Scrolls
 c - 2 scrolls of amnesia {unknown}
 d - 2 scrolls of identify {unknown}
 e - a scroll of remove curse {unknown}
 m - a scroll of recharging {unknown}
 n - a scroll of teleportation {unknown}
 q - 2 scrolls of immolation {unknown}
 r - a scroll of fog {unknown}
 s - 2 scrolls of blinking {unknown}
Books
 p - a book of Misfortune

   Spells                             Type                      Level
   a - Confusing Touch                Hexes                        1
   b - Confuse                        Hexes                        3
   c - Gell's Gravitas                Translocation                3
   d - Petrify                        Transmutation/Earth          4
   e - Metabolic Englaciation         Hexes/Ice                    5
   f - Yara's Violent Unravelling     Hexes/Transmutation          5
Comestibles
 b - 3 bread rations
 k - 2 royal jellies
 l - 3 fruits


   Skills:
 + Level 3.0 Fighting
 + Level 3.3 Dodging
 - Level 1.0 Stealth
 + Level 5.0 Unarmed Combat


You had 4 spell levels left.
You didn't know any spells.

Dungeon Overview and Level Annotations

Branches:
Dungeon (3/15)

Altars:
Ashenzari
Fedhas
Hepliaklqana
Kikubaaqudgha
Xom
Zin

Annotations:
D:3 Grinder


Innate Abilities, Weirdness & Mutations

You are too large for most types of armour.
You have claws for hands.
Your metabolism is lightning-fast.
You like to eat raw meat.
Your natural rate of healing is unusually fast.
You are covered in fur. (AC +1)
You have very tough skin. (AC +2)


Message History

Grinder hits you!
* * * LOW HITPOINT WARNING * * *
You writhe in agony.
* * * LOW HITPOINT WARNING * * *
You are too injured to fight recklessly!
You closely miss Grinder.
Grinder is moderately wounded.
Grinder hits you but does no damage.
You claw Grinder!
Grinder is moderately wounded.
You closely miss Grinder.
Grinder is moderately wounded.
Grinder gestures at you. You resist with significant effort.
You claw Grinder!
Grinder is severely wounded.
Grinder hits you!
* * * LOW HITPOINT WARNING * * *
You writhe in agony.
You die...

>.# #.# ..##
#.# ..)# #.#
♣♣.# #.# P♣.#
####.#### ≈..#
#.......# ♣≈##
#.......# ♣♣#
#...$...#
♣♣...@..#
♣♣♣♣♣♣♣♣.5...#
PP≈≈P≈P≈≈....#
≈≈≈P≈P≈≈♣♣...#
≈≈.≈≈P≈≈≈♣P≈.#
....≈...≈≈P♣.#
.............#
.≈.≈.≈......##
≈P≈♣≈.≈≈.♣..#


You could see Grinder.

Vanquished Creatures
  2 orc priests (D:3)
  3 gnolls (D:3)
  2 adders
  An ooze (D:2)
  A worm (D:2)
  A dart slug (D:1)
  2 leopard geckos (D:3)
  5 orcs (D:3)
  7 bats
  A giant cockroach (D:3)
  10 goblins
  6 hobgoblins
  4 jackals (D:2)
  7 kobolds
  A quokka (D:3)
  2 ball pythons
  5 frilled lizards
  8 rats
  A toadstool (D:1)
69 creatures vanquished.

Vanquished Creatures (others)
  3 toadstools (D:1)
3 creatures vanquished.

Grand Total: 72 creatures vanquished

Notes
Turn   | Place    | Note
-------+----------+-------------------------------------------
     0 | D:1      | Manul the Troll Monk began the quest for the Orb.
     0 | D:1      | Reached XP level 1. HP: 22/22 MP: 0/0
   104 | D:1      | Reached XP level 2. HP: 29/29 MP: 1/1
   731 | D:2      | Reached XP level 3. HP: 36/36 MP: 2/2
   931 | D:2      | Found a glowing silver altar of Zin.
  1021 | D:3      | Reached skill level 4 in Unarmed Combat
  1021 | D:3      | Reached XP level 4. HP: 42/45 MP: 3/3
  1287 | D:3      | Reached XP level 5. HP: 52/53 MP: 4/4
  1373 | D:3      | Found an ancient bone altar of Kikubaaqudgha.
  1375 | D:3      | Found a snail-covered altar of Cheibriados.
  1375 | D:3      | Found a hazy altar of Hepliaklqana.
  1377 | D:3      | Found a blossoming altar of Fedhas.
  1377 | D:3      | Found a shattered altar of Ashenzari.
  1377 | D:3      | Found a shimmering altar of Xom.
  1758 | D:3      | Noticed Grinder
  1759 | D:3      | Reached skill level 5 in Unarmed Combat
  1777 | D:3      | HP: 1/53 [Grinder (9)]
  1777 | D:3      | Slain by Grinder

Vault maps used:
D:1:      ldierk_water_garden, minmay_surrounded
D:2:      zin_academy
D:3:      kennysheep_the_goblin_king, serial_bayou, serial_bayou_shore_b,
          serial_bayou_crossing, serial_bayou_lake_a, serial_bayou_pond_e,
          serial_bayou_ford_a, serial_bayou_pond_c, minmay_misc_feat_tiny,
          doesnt_xom_only_xom, uniq_grinder

Skill      XL: |  1  2  3  4  5 |
---------------+----------------+-----
Fighting       | 3 |  3.0
Dodging        | 3 |  3.3
Unarmed Combat | 4 5 |  5.0
Stealth        | |  1.0

Action                   |  1- 3 |  4- 6 || total
-------------------------+-------+-------++-------
Melee: Unarmed           |    83 |   107 ||   190
       Punch             |       |     2 ||     2
  Use: Potion            |       |     5 ||     5
 Stab: Sleeping          |     1 |       ||     1
  Eat: Chunk             |    15 |     5 ||    20
Armor: Robe              |    28 |    40 ||    68
Dodge: Dodged            |    26 |    84 ||   110
